AoeStats
← er_Dionis

MegaRandom

509657772Analyzed
4v4 RM · 3d ago on Sep 27, 2026· 59m 56s· 8 players
Game mode
Random Map
Map size
Large (8 player)
Population
200
Speed
Normal
Resources
Standard
Victory
Conquest
Starting age
Dark Age
Ending age
Imperial Age
RankedLock teamsTeams togetherTeam positionsShared explorationLock speedFull tech treeHidden civsTurbo modeCheats
Victory
Defeat
🇫🇷 Burgundians · France
723
+6
🇨🇱 Khmer · Chile
714
+6
🇺🇸 Gurjaras · United States
653
+8
🇪🇸 Chinese · Spain
556
+11
🇲🇽 Danes · Mexico
490
-9
🇨🇴 Huns · Colombia
468
-8
🇺🇸 Huns · United States
432
-7
🇺🇸 Saracens · United States
423
-7
FruliDains
13:35 Feudal Age
25:41 Castle Age
25:35 Wheelbarrow
27:05 Fishing Lines
33:03 Medium Warships
32:15 Demolition Ship
32:55 Gillnets
37:55 Imperial Age
40:26 Hand Cart
41:07 Conscription
41:19 Horse Collar
41:08 Elite Mameluke
43:13 Heavy Warships
44:51 Chemistry
43:43 Guard Tower
44:06 Fortified Wall
44:11 Clinker Construction
44:14 Careening
44:19 Siphons
45:28 Caravan
46:34 Double-Bit Axe
48:34 Bow Saw
50:36 Elite Cannon Galleon
51:44 Pikeman
58:15 Elite Skirmisher
Marsha7392
2:27 Loom
16:36 Feudal Age
17:00 Fishing Lines
18:38 Wheelbarrow
17:49 Town Watch
21:44 Bloodlines
25:59 Castle Age
29:35 Hand Cart
29:22 Town Patrol
29:56 Stone Mining
29:57 Gold Mining
29:50 Horse Collar
30:00 Double-Bit Axe
31:14 Murder Holes
34:06 Imperial Age
31:06 Demolition Ship
31:58 Medium Warships
31:39 Gillnets
34:21 Ballistics
34:12 Masonry
34:17 Clinker Construction
34:25 Husbandry
34:47 Careening
34:11 Heavy Demolition Ship
41:04 Bow Saw
41:46 Conscription
40:47 Elite Tarkan
41:29 Marauders
41:49 Caravan
44:08 Two-Man Saw
43:15 Heavy Plow
47:52 Thumb Ring
47:07 Crossbowman
49:13 Heavy Warships
Sir Rubo
0:34 Loom
16:15 Feudal Age
20:51 Castle Age
19:40 Double-Bit Axe
23:13 Stone Mining
23:14 Gold Mining
23:23 Gold Mining
24:17 Careening
24:20 Clinker Construction
24:54 Fishing Lines
27:50 Bow Saw
28:52 Stone Shaft Mining
30:33 Ballistics
30:29 Caravan
36:33 Imperial Age
34:40 Wheelbarrow
36:55 Elite Longship
38:04 Dry Dock
38:05 Carvel Hull
38:06 Shipwright
39:18 Chemistry
42:55 Hand Cart
42:57 Horse Collar
44:07 Capped Ram
45:33 Elite Varangian Guard
45:59 Arson
46:14 Squires
46:00 Gambesons
46:43 Conscription
48:05 Forging
47:55 Scale Mail Armor
47:54 Heated Shot
47:37 Elite Jomsviking
47:38 Northmen's Fury
51:11 Siege Ram
52:37 Man-at-Arms
53:29 Long Swordsman
54:06 Two-Handed Swordsman
55:27 Iron Casting
55:07 Chain Mail Armor
54:51 Champion
jozlathan
0:38 Loom
15:32 Feudal Age
16:19 Double-Bit Axe
16:17 Horse Collar
17:47 Wheelbarrow
17:58 Stone Mining
18:57 Gold Mining
26:36 Castle Age
24:38 Scale Mail Armor
24:48 Forging
27:37 Bow Saw
27:31 Heavy Plow
28:17 Gold Shaft Mining
28:19 Medium Warships
27:30 Demolition Ship
27:51 Fishing Lines
28:51 Iron Casting
28:31 Chain Mail Armor
28:50 Hand Cart
33:32 Imperial Age
36:20 Two-Man Saw
36:26 Heavy Warships
36:26 Fletching
38:16 Blast Furnace
37:15 Murder Holes
37:34 Careening
37:34 Clinker Construction
39:36 Town Watch
41:48 Padded Archer Armor
41:54 Scale Barding Armor
41:44 Bodkin Arrow
42:29 Town Patrol
47:13 Chain Barding Armor
47:08 Leather Archer Armor
46:54 Bracer
48:19 Conscription
48:19 Atheism
48:00 Marauders
47:20 Elite Tarkan
50:22 Pikeman
51:02 Squires
52:02 Plate Barding Armor
51:27 Halberdier
51:53 Arson
er_Dionis
4:07 Loom
12:29 Feudal Age
15:01 Double-Bit Axe
17:53 Castle Age
19:01 Bow Saw
19:58 Horse Collar
32:27 Imperial Age
33:31 Elite Skirmisher
34:18 Thumb Ring
33:38 Pikeman
33:42 Elite Fire Lancer
34:00 Elite Chu Ko Nu
35:01 Heavy Plow
35:41 Wheelbarrow
36:18 Two-Man Saw
35:43 Gold Mining
36:31 Ballistics
37:12 Chemistry
36:54 Hand Cart
38:37 Gold Shaft Mining
37:54 Stone Mining
38:22 Masonry
38:13 Murder Holes
38:53 Conscription
39:00 Forging
38:55 Scale Barding Armor
38:43 Fletching
38:54 Padded Archer Armor
38:59 Scale Mail Armor
38:51 Town Watch
39:32 Halberdier
40:14 Squires
40:00 Arson
40:51 Architecture
39:56 Heavy Rocket Cart
40:44 Town Patrol
41:12 Leather Archer Armor
41:34 Iron Casting
40:34 Man-at-Arms
41:40 Bloodlines
41:31 Husbandry
40:52 Cavalier
41:38 Bodkin Arrow
42:05 Chain Mail Armor
43:06 Stone Shaft Mining
43:06 Ring Archer Armor
43:02 Fortified Wall
43:09 Great Wall
44:41 Blast Furnace
43:50 Scale Barding Armor
43:17 Long Swordsman
44:32 Two-Handed Swordsman
45:05 Heavy Scorpion
47:02 Plate Mail Armor
46:33 Bracer
46:34 Champion
49:08 Rocketry
54:00 Chain Barding Armor
Babymunch x
8:25 Loom
10:35 Feudal Age
15:07 Double-Bit Axe
18:22 Castle Age
22:39 Fishing Lines
25:59 Horse Collar
26:32 Bow Saw
28:05 Guard Tower
29:02 Heavy Plow
30:04 Forging
33:11 Imperial Age
33:04 Ballistics
33:53 Wheelbarrow
34:03 Kshatriyas
35:54 Hand Cart
36:23 Gillnets
37:53 Iron Casting
37:24 Scale Barding Armor
37:10 Fletching
38:26 Chemistry
37:23 Murder Holes
40:13 Chain Barding Armor
39:49 Bodkin Arrow
40:21 Frontier Guards
39:26 Heavy Camel Rider
40:16 Bloodlines
40:07 Husbandry
40:52 Keep
43:01 Crop Rotation
42:00 Elite Chakram Thrower
43:01 Conscription
43:20 Clinker Construction
43:32 Shipwright
44:10 Bracer
44:10 Padded Archer Armor
44:49 Plate Barding Armor
44:39 Medium Warships
44:03 Onager
46:45 Heavy Warships
46:53 Carvel Hull
47:50 Siege Elephant
51:25 Leather Archer Armor
nperezb
5:09 Loom
16:54 Feudal Age
24:25 Castle Age
22:34 Double-Bit Axe
25:27 Man-at-Arms
25:27 Pikeman
27:43 Medium Warships
30:27 Fishing Lines
31:09 Long Swordsman
31:37 Arson
32:07 Bow Saw
36:44 Imperial Age
34:01 Town Watch
34:51 Wheelbarrow
37:18 Ballistics
37:09 Clinker Construction
37:12 Careening
37:00 Murder Holes
37:15 Gillnets
39:17 Chemistry
39:09 Heavy Warships
39:39 Caravan
39:47 Guard Tower
40:05 Scale Barding Armor
40:02 Scale Mail Armor
41:43 Town Patrol
41:59 Hand Cart
42:15 Carvel Hull
41:37 Elite Cannon Galleon
43:03 Conscription
43:59 Chain Barding Armor
43:56 Chain Mail Armor
43:42 Padded Archer Armor
44:40 Onager
48:43 Elite Ballista Elephant
49:26 Tusk Swords
49:27 Double Crossbow
53:13 Halberdier
53:13 Two-Handed Swordsman
vince69140
10:13 Loom
10:34 Double-Bit Axe
12:28 Feudal Age
10:48 Double-Bit Axe
13:57 Bow Saw
18:49 Castle Age
17:18 Fletching
18:26 Horse Collar
22:06 Fishing Lines
23:45 Bodkin Arrow
23:51 Padded Archer Armor
23:25 Crossbowman
25:09 Medium Warships
26:08 Leather Archer Armor
36:07 Imperial Age
34:15 Wheelbarrow
33:43 Gold Mining
33:45 Stone Mining
34:06 Caravan
34:32 Heavy Plow
34:48 Forging
34:39 Scale Mail Armor
34:45 Scale Barding Armor
35:03 Ballistics
37:54 Hand Cart
38:44 Chemistry
39:21 Crop Rotation
39:31 Gold Shaft Mining
39:32 Stone Shaft Mining
40:44 Two-Man Saw
41:59 Bracer
43:21 Onager
43:22 Capped Ram
44:24 Chain Barding Armor
44:20 Chain Mail Armor
44:41 Iron Casting
47:10 Heavy Warships
46:13 Elite Cannon Galleon
52:52 Blast Furnace
52:23 Plate Mail Armor
52:13 Chain Barding Armor
51:27 Man-at-Arms
51:28 Pikeman
52:08 Squires
51:54 Arson
Connection lost

Rejoining the realm…

Still unreachable

The connection could not be restored.

Session expired

The server has moved on; the page needs a fresh start.